 Dungeon Crawl Stone Soup version 0.30.1-4-g462c640d31 (webtiles) character file.

Game seed: 7034823197416113816

70 boopmooplesden the Twirler (level 4, -2/27 HPs)
             Began as a Gargoyle Gladiator on Aug 14, 2023.
             Slain by an iguana (7 damage)
             ... on level 3 of the Dungeon.
             The game lasted 00:02:06 (1789 turns).

boopmooplesden the Twirler (Gargoyle Gladiator)     Turns: 1789, Time: 00:02:07

Health: -2/27      AC:  7    Str: 20    XL:     4   Next: 21%
Magic:  4/4        EV: 13    Int:  8    God:
Gold:   61         SH:  0    Dex: 17    Spells: 3/3 levels left

rFire   x . .        a - +0 quarterstaff
rCold   + . .        (shield currently unavailable)
rNeg    + . .        b - +0 leather armour
rPois   ∞            l - +0 helmet
rElec   +            (no cloak)
rCorr   .            (no gloves)
SInv    .            (no boots)
Will    .....        (no amulet)
Stlth   +            g - +6 ring of dexterity
HPRegen 0.24/turn    k - ring of ice
MPRegen 0.09/turn

%: no passive effects
@: no status effects
A: sickness immunity, AC +3, negative energy resistance 1, electricity
resistance, torment resistance 1, petrification resistance
a: no special abilities


You were on level 3 of the Dungeon.
You visited 1 branch of the dungeon, and saw 3 of its levels.

You collected 61 gold pieces.

Inventory:

Hand Weapons
 a - a +0 quarterstaff (weapon)
 j - a +1 long sword of holy wrath
Missiles
 d - 4 throwing nets (quivered)
 e - a javelin
Armour
 b - a +0 leather armour (worn)
 c - a +0 helmet
 l - a +0 helmet (worn)
Jewellery
 g - a +6 ring of dexterity (left hand)
 k - a ring of ice (right hand)
Scrolls
 h - a scroll of poison {unknown}
 i - a scroll of fog
Potions
 f - 4 potions of curing


   Skills:
 + Level 2.5 Fighting
 + Level 4.1 Staves
 + Level 1.8 Throwing
 + Level 0.9 Armour
 + Level 2.9 Dodging


You had 3 spell levels left.
You didn't know any spells.
Your spell library was empty.

Dungeon Overview and Level Annotations

Branches:
Dungeon (3/15)

Altars:
Fedhas
The Shining One

Shops:
D:2 =

Annotations:
D:1 2 transporters


Innate Abilities, Weirdness & Mutations

You are immune to sickness and miasma.
Your stone body is resilient. (AC +3)
You are immune to poison.
You resist negative energy. (rN+)
You are resistant to electric shocks. (rElec)
You are resistant to unholy torment.
You are immune to petrification.


Message History

You open the door.
There is an open door here.
A quokka comes into view.
A quokka is nearby!
A quokka is nearby!
A quokka is nearby!
The quokka bites you. The quokka misses you.
You barely miss the quokka. The quokka barely misses you.
You sock the quokka!
You kill the quokka!
Found a stone staircase leading down.
i - a scroll of fog
Found 5 poisoned darts.
You see here 5 poisoned darts.
There is a stone staircase leading down here.
Found a blossoming altar of Fedhas.
An adder comes into view.
An adder is nearby!
An adder is nearby!
An adder is nearby!
The adder hisses angrily.
You hear an angry hiss.
You sock the adder!
You kill the adder!
An iguana comes into view.
You see here an adder corpse.
You barely miss the iguana. The iguana bites you!
You closely miss the iguana. The iguana bites you!
You sock the iguana!
The iguana is heavily wounded.
The iguana bites you.
* * * LOW HITPOINT WARNING * * *
You closely miss the iguana.
The iguana is heavily wounded.
The iguana bites you.
* * * LOW HITPOINT WARNING * * *
You sock the iguana!
The iguana is almost dead.
The iguana bites you!
You die...

#.≈.#...# #.≈.#._.#
###.≈.#...#
...≈.###.#
#########.≈......
.........≈≈≈≈≈≈≈ #
#.#####.........
#.###.#.....#.#.##..
#.l@.......##.#....#
##########.##.#.####
#.##.#.####
#.##.#.....
#.##.###### #....#
#.##.# ###


You could see an iguana.

Vanquished Creatures
  2 adders
  3 orcs (D:3)
  2 endoplasms (D:2)
  9 goblins
  6 hobgoblins
  4 jackals (D:2)
  2 quokkas
  5 ball pythons
  3 bats
  3 frilled lizards
  2 kobolds
  4 rats
45 creatures vanquished.

Notes
Turn   | Place    | Note
-------+----------+-------------------------------------------
     0 | D:1      | boopmooplesden the Gargoyle Gladiator began the quest for
                  | the Orb.
     0 | D:1      | Reached XP level 1. HP: 12/12 MP: 1/1
   212 | D:1      | Reached XP level 2. HP: 17/17 MP: 2/2
   786 | D:2      | Reached XP level 3. HP: 20/21 MP: 3/3
  1042 | D:2      | Found Jaxtiuv's Jewellery Shop.
  1078 | D:2      | Reached skill level 4 in Staves
  1091 | D:2      | Found a glowing golden altar of the Shining One.
  1549 | D:3      | Reached XP level 4. HP: 23/27 MP: 4/4
  1755 | D:3      | Found a blossoming altar of Fedhas.
  1789 | D:3      | Slain by an iguana

Illustrated notes

Levels and vault maps discovered:
D:1:      spicycebolla_arrival_transporter_tutorial, layout_basic
D:2:      layout_loops_ring, basic_altar, serial_shops,
          nicolae_shop_window_shopping, grunt_ministairs_7,
          grunt_decor_junction, st_stairs_3
D:3:      layout_basic, mainiacjoe_overflow_brackets, general_overflow_altar,
          serial_shops, shop, grunt_ministairs_14, kennysheep_generic_room_8

Skill      XL: |  1  2  3 |
---------------+----------+-----
Staves         | 4 |  4.1
Fighting       | |  2.5
Throwing       | |  1.8
Armour         | |  0.9
Dodging        | |  2.9

Action                     |  1- 3 |  4- 6 || total
---------------------------+-------+-------++-------
  Melee: Quarterstaff      |   108 |    11 ||   119
    Use: Scroll            |     4 |       ||     4
 Armour: Leather armour    |    57 |       ||    57
  Dodge: Dodged            |    89 |     4 ||    93
